 Dungeon Crawl Stone Soup version 0.29.1-13-g9f3cf754e1 (webtiles) character file.

Game seed: 10185249624582853542

16493 LSt the Warrior (level 12, 130/130 HPs)
             Began as a Minotaur Berserker on Feb 8, 2023.
             Was an Elder of Trog.
             Quit the game on level 10 of the Dungeon.
             The game lasted 00:51:35 (13431 turns).

LSt the Warrior (Minotaur Berserker)               Turns: 13431, Time: 00:51:35

Health: 130/130    AC:  8    Str: 27    XL:     12   Next: 10%
Magic:  11/11      EV: 11    Int:  1    God:    Trog [****..]
Gold:   705        SH:  8    Dex: 12    Spells: 11/11 levels left

rFire   + + .      SeeInvis .   a - +1 hand axe "Jydd" {protect, rF++ rC+ Int-3 Dex+2}
rCold   + + .      Faith    .   t - +0 buckler
rNeg    . . .      Spirit   .   x - +0 acid dragon scales
rPois   .          Reflect  +   (helmet restricted)
rElec   .          Harm     .   (no cloak)
rCorr   +          Rampage  .   (no gloves)
Will    +....                   O - +1 pair of boots
Stlth   +.........              r - amulet of reflection
HPRegen 0.31/turn               k - ring of willpower
MPRegen 0.12/turn               X - ring of protection from cold

@: no status effects
A: horns 2, retaliatory headbutt
a: Renounce Religion, Berserk, Trog's Hand, Brothers in Arms


You were on level 10 of the Dungeon.
You worshipped Trog.
Trog was greatly pleased with you.
You visited 1 branch of the dungeon, and saw 10 of its levels.
You also visited: Ossuary.

You collected 705 gold pieces.

Inventory:

Hand Weapons
 a - the +1 hand axe "Jydd" (weapon) {protect, rF++ rC+ Int-3 Dex+2}
   (You found it on level 7 of the Dungeon)

   It grants its wielder temporary protection when it strikes (+7 to AC).
   Int:       It affects your intelligence (-3).
   Dex:       It affects your dexterity (+2).
   rF:        It greatly protects you from fire.
   rC:        It protects you from cold.
 b - a +0 sling
 G - a +1 hand axe
 K - a +0 trident
 M - a +0 battleaxe
 N - the +7 flail of Inconvenience {vorpal, Int+2}
   (You found it on level 10 of the Dungeon)

   It inflicts extra damage upon your enemies.
   Int:       It affects your intelligence (+2).
 R - a -2 demon whip of venom
Missiles
 o - 99 stones (quivered)
 B - 10 poisoned darts
 Q - 4 boomerangs
 T - 6 atropa-tipped darts
 W - 2 silver boomerangs
Armour
 g - a +0 ring mail
 j - the +1 robe "Jutraoge" {Harm rElec rF+ Str-4}
   (You found it on level 2 of the Dungeon)

   Str:       It affects your strength (-4).
   rF:        It protects you from fire.
   rElec:     It insulates you from electricity.
   Harm:      It increases damage dealt and taken.
 t - a +0 buckler (worn)
 x - +0 acid dragon scales (worn)
 C - a +0 chain mail
 L - a +0 kite shield
 O - a +1 pair of boots (worn)
Jewellery
 k - a ring of willpower (left hand)
 l - a ring of flight
 r - an amulet of reflection (around neck)
 D - an amulet of the acrobat
 X - a ring of protection from cold (right hand)
 Y - an amulet of guardian spirit
Wands
 P - a wand of roots (1)
 U - a wand of mindburst (5)
Scrolls
 d - 5 scrolls of teleportation
 h - 2 scrolls of enchant weapon
 m - a scroll of noise {unknown}
 q - a scroll of vulnerability
 v - a scroll of fear
 w - 2 scrolls of enchant armour
 y - 2 scrolls of blinking
 E - a scroll of immolation {unknown}
 H - 2 scrolls of silence {unknown}
 I - a scroll of amnesia {unknown}
 V - a scroll of butterflies {unknown}
Potions
 c - a potion of mutation
 e - a potion of brilliance
 f - 2 potions of might
 i - 6 potions of curing
 n - 3 potions of attraction
 p - 3 potions of resistance
 s - a potion of degeneration {unknown}
 u - 5 potions of heal wounds
 z - 2 potions of flight
 A - 3 potions of invisibility
 F - 2 potions of haste
 J - a potion of ambrosia {unknown}
 S - a potion of lignification {unknown}
Miscellaneous
 Z - a condenser vane


   Skills:
 - Level 19.0 Fighting
 + Level 17.6 Axes
 - Level 2.4 Armour
 - Level 2.1 Dodging


You had 11 spell levels left.
You didn't know any spells.
Your spell library contained the following spells:

 Spells                   Type           Power      Damage    Failure   Level
 Apportation              Tloc           0%         N/A       75%         1
 Magic Dart               Conj           0%         1d3       75%         1
 Necrotise                Necr           0%         1d4       75%         1
 Slow                     Hex            0%         N/A       75%         1
 Summon Small Mammal      Summ           0%         N/A       75%         1
 Call Imp                 Summ           0%         N/A       87%         2
 Poisonous Vapours        Pois/Air       0%         N/A       87%         2
 Confusing Touch          Hex            0%         N/A       98%         3
 Mephitic Cloud           Conj/Pois/Air  0%         N/A       98%         3
 Vampiric Draining        Necr           0%         2d6       98%         3
 Corpse Rot               Necr/Pois/Air  0%         N/A       100%        4


Dungeon Overview and Level Annotations

Branches:
Dungeon (10/15)            Temple (0/1) D:4         Ossuary (visited)
   Lair: D:8-11         Orc: D:9-12

Altars:
Ashenzari
Fedhas
Hepliaklqana
Kikubaaqudgha
Makhleb
Nemelex Xobeh
Trog
Wu Jian
Xom
Zin

Shops:
D:10 *

Annotations:
D:4 1 runed translucent door, Crazy Yiuf
D:9 3 runed translucent doors
D:10 1 runed translucent door, BabyfaceFinlayson's ghost, novice SpEn


Innate Abilities, Weirdness & Mutations

You have a pair of horns on your head.
You reflexively headbutt those who attack you in melee.


Message History

The apocalypse crab is severely wounded.
You slash the apocalypse crab! You headbutt the apocalypse crab!
You kill the apocalypse crab!
Trog accepts your kill.
Found four items.
Things that are here:
a piece from Xom's chessboard (15/15); an apocalypse crab corpse You feel a strong urge to attack something.
You now have 688 gold pieces (gained 17).
You are no longer berserk.
You are exhausted.
You feel yourself slow down.
X - a ring of protection from cold
Y - an amulet of guardian spirit You see here a condenser vane.
Z - a condenser vane You see here a +1 spear of pain.
X - a ring of protection from cold (right hand) Search for what [? for help]? cloak Can't find anything matching that.
Things that are here:
a piece from Xom's chessboard (15/15); an apocalypse crab corpse You feel yourself speed up.
You recover from your berserk rage.
There is an open translucent door here.
There is an open door here.
You open the door.
There is an open door here.
You now have 705 gold pieces (gained 17).
Found a stone staircase leading down.
There is a stone staircase leading down here.
Done exploring.
Done exploring.
Unknown command.
Saving game... please wait.
Level annotation: 1 runed translucent door, BabyfaceFinlayson's ghost, novice SpEn Welcome back, LSt the Minotaur Berserker.
Trog says: Kill them all!
Press ? for a list of commands and other information.
Are you sure you want to abandon this character and quit the game? (Confirm with "yes".)

........#
#..).'...#.#...≈
....###.#
######....###.#.#....
...##.###
#....#.)..###.#.#....
####W((#
#....#........#......
...##+###
#....#.....######....
........#
#....#.....# #....
........#
#..[.#####.#### #....
...##..###
#....#........# #....
...'.....#
#...@#........# #....
...###.#.#
#....#........# #....
...# #.#.#
#....#........# ###.#
...###.#.#
#......###.#### #..
#......#.# ###....#
#.##########
#.#.#..#.######....#
#.......#...
..............#....#
#######.#.##
#.#.#.##.####.#....#
#.#.##
..............#....#
#.#.##


There were no monsters in sight!

Vanquished Creatures
  2 entropy weavers (D:10)
  A hydra (D:6)
  4 ghost crabs (D:10)
  Amaemon (D:8)
  5 fire crabs (D:10)
  A cyclops (D:6)
  Joseph (D:9)
  An orange demon (D:8)
  An apocalypse crab (D:10)
  A gargoyle (D:6)
  Maggie (D:8)
  A troll (D:9)
  A hornet (D:10)
  A wraith (Ossuary)
  5 yaks (D:10)
  A wyvern (D:8)
  A vampire (D:6)
  3 vampire mosquitoes (D:10)
  3 steam dragons
  2 acid dragons
  2 water moccasins
  6 orc warriors
  A black bear (D:4)
  A sky beast (D:7)
  2 centaurs
  A phantom (D:5)
  2 bullfrogs (D:6)
  3 necrophages
  3 scorpions
  A gnoll sergeant (D:7)
  8 wights (D:7)
  6 howler monkeys
  An electric eel (D:7)
  10 orc priests
  2 jellies
  A gnoll bouda (D:6)
  8 hounds
  4 iguanas (D:6)
  12 orc wizards
  3 mummies (Ossuary)
  5 gnolls (D:7)
  11 adders
  A shadow imp (D:8)
  2 white imps (D:6)
  2 ufetubi
  3 dart slugs (D:1)
  6 worms
  42 orcs
  7 ball pythons
  4 endoplasms
  4 giant cockroaches
  7 hobgoblins
  4 jackals (D:3)
  6 kobolds
  2 quokkas
  4 bats
  7 frilled lizards
  6 goblins
  3 goblin zombies (Ossuary)
  2 hobgoblin zombies (Ossuary)
  5 kobold zombies (Ossuary)
  6 rats
253 creatures vanquished.

Vanquished Creatures (collateral kills)
  Erolcha (D:9)
  A centaur (D:9)
2 creatures vanquished.

Vanquished Creatures (others)
  4 fungi (D:6)
  77 plants (D:7)
81 creatures vanquished.

Grand Total: 336 creatures vanquished

Notes
Turn   | Place    | Note
-------+----------+-------------------------------------------
     0 | D:1      | LSt the Minotaur Berserker began the quest for the Orb.
     0 | D:1      | Reached XP level 1. HP: 19/19 MP: 0/0
   134 | D:1      | You fall into a shaft and drop 1 floor!
   134 | D:2      | Found a faded altar of an unknown god.
   247 | D:2      | Reached XP level 2. HP: 26/26 MP: 1/1
   471 | D:2      | Reached skill level 5 in Axes
   482 | D:2      | Identified the +1 robe "Jutraoge" {Harm rElec rF+ Str-4}
   498 | D:2      | Reached XP level 3. HP: 31/31 MP: 2/2
   513 | D:1      | Reached ** piety under Trog
  1626 | D:3      | Reached skill level 4 in Fighting
  1626 | D:3      | Reached XP level 4. HP: 40/40 MP: 3/3
  1984 | D:3      | Found a burning altar of Makhleb.
  2085 | D:3      | Reached *** piety under Trog
  2521 | D:4      | Noticed a black bear
  2535 | D:4      | Killed a black bear
  2536 | D:4      | Reached XP level 5. HP: 47/47 MP: 4/4
  2537 | D:4      | Reached skill level 5 in Fighting
  2584 | D:4      | Found a staircase to the Ecumenical Temple.
  2653 | D:4      | Reached XP level 6. HP: 38/56 MP: 5/5
  2783 | D:4      | Found a sand-covered staircase.
  2806 | Ossuary  | Entered an ossuary
  2806 | Ossuary  | Noticed a wraith
  2806 | Ossuary  | Noticed a wraith
  2806 | Ossuary  | Noticed a wraith
  3006 | Ossuary  | Noticed a wraith
  3009 | Ossuary  | Killed a wraith
  3527 | D:4      | Found a runed translucent door.
  3528 | D:4      | Noticed Crazy Yiuf
  3693 | D:5      | Entered Level 5 of the Dungeon
  3772 | D:5      | Reached XP level 7. HP: 47/61 MP: 6/6
  4337 | D:5      | Found a bloodstained altar of Trog.
  4341 | D:5      | Found an ornate altar of the Wu Jian Council.
  4424 | D:5      | Reached skill level 10 in Axes
  4580 | D:6      | Reached skill level 6 in Fighting
  4686 | D:6      | Noticed a four-headed hydra
  4687 | D:6      | Noticed a gargoyle
  4688 | D:6      | Noticed a vampire
  4712 | D:6      | Killed a four-headed hydra
  4713 | D:6      | Reached skill level 8 in Fighting
  4713 | D:6      | Reached XP level 8. HP: 51/74 MP: 7/7
  4716 | D:6      | Killed a gargoyle
  4716 | D:6      | Reached **** piety under Trog
  5121 | D:6      | Reached skill level 9 in Fighting
  5121 | D:6      | Reached XP level 9. HP: 69/83 MP: 8/8
  5275 | D:6      | Found a broken altar of Ashenzari.
  5441 | D:6      | Found a hazy altar of Hepliaklqana.
  5723 | D:6      | Noticed a cyclops
  5759 | D:6      | Killed a cyclops
  5760 | D:6      | Reached skill level 10 in Fighting
  6303 | D:6      | Reached skill level 11 in Fighting
  6711 | D:7      | Reached skill level 12 in Fighting
  6973 | D:7      | Identified the +1 hand axe "Jydd" {protect, rF++ rC+ Int-3
                  | Dex+2}
  7000 | D:7      | Reached skill level 13 in Fighting
  7614 | D:7      | Reached skill level 14 in Fighting
  7614 | D:7      | Reached XP level 10. HP: 102/103 MP: 9/9
  7712 | D:7      | Reached ***** piety under Trog
  7811 | D:7      | Found an ancient bone altar of Kikubaaqudgha.
  8168 | D:7      | Reached skill level 15 in Fighting
  8376 | D:8      | Found a glowing silver altar of Zin.
  8393 | D:8      | Noticed Maggie
  8406 | D:8      | Killed Maggie
  8683 | D:8      | Found a blossoming altar of Fedhas.
  9032 | D:8      | Noticed Amaemon
  9032 | D:8      | Noticed an orange demon
  9039 | D:8      | Killed Amaemon
  9040 | D:8      | Reached skill level 16 in Fighting
  9046 | D:8      | Killed an orange demon
  9047 | D:8      | Reached skill level 17 in Fighting
  9724 | D:9      | Found a runed translucent gate.
  9724 | D:9      | Found a runed translucent gate.
  9724 | D:9      | Found a runed translucent gate.
  9725 | D:9      | Noticed a white ugly thing
  9725 | D:9      | Noticed a brown ugly thing
  9725 | D:9      | Noticed a white ugly thing
  9726 | D:9      | Noticed a green ugly thing
  9727 | D:9      | Noticed a faun
  9727 | D:9      | a merfolk changed into a faun
  9733 | D:9      | a faun changed into a floating eye
  9746 | D:9      | Noticed Erolcha
  9753 | D:9      | Killed Erolcha
  9754 | D:9      | Reached skill level 18 in Fighting
 10088 | D:9      | Noticed Joseph
 10105 | D:9      | Killed Joseph
 10250 | D:9      | Reached XP level 11. HP: 104/119 MP: 10/10
 10347 | D:9      | Noticed a glowing orange brain
 10604 | D:9      | Noticed a fire crab
 10607 | D:9      | Noticed a death drake
 10607 | D:9      | a fire crab changed into a death drake
 10609 | D:9      | a death drake changed into a wind drake
 10654 | D:10     | Entered Level 10 of the Dungeon
 11067 | D:10     | Found a runed translucent door.
 11068 | D:10     | Found a shimmering altar of Xom.
 11068 | D:10     | Noticed BabyfaceFinlayson's ghost (novice SpEn)
 11069 | D:10     | Noticed a +0 hand axe of chaos
 11159 | D:10     | Reached skill level 15 in Axes
 11371 | D:10     | Paralysed by a hornet for 1 turns
 11539 | D:10     | Found Idimm's Gadget Gallery.
 11629 | D:10     | Identified the +7 flail of Inconvenience {vorpal, Int+2}
 11853 | D:10     | Found a sparkling altar of Nemelex Xobeh.
 11992 | D:10     | Found a runed translucent door.
 12002 | D:10     | Noticed a fire crab
 12012 | D:10     | Killed a fire crab
 12043 | D:10     | Noticed a fire crab
 12050 | D:10     | Killed a fire crab
 12089 | D:10     | Noticed a fire crab
 12097 | D:10     | Killed a fire crab
 12200 | D:10     | Noticed a fire crab
 12200 | D:10     | Noticed a fire crab
 12210 | D:10     | Killed a fire crab
 12227 | D:10     | Killed a fire crab
 12577 | D:10     | Noticed an entropy weaver
 12597 | D:10     | Killed an entropy weaver
 12711 | D:10     | Noticed a ghost crab
 12711 | D:10     | Noticed a ghost crab
 12716 | D:10     | Killed a ghost crab
 12742 | D:10     | Killed a ghost crab
 12979 | D:10     | Noticed a ghost crab
 12986 | D:10     | Killed a ghost crab
 12987 | D:10     | Reached skill level 19 in Fighting
 13133 | D:10     | Noticed a ghost crab
 13142 | D:10     | Killed a ghost crab
 13143 | D:10     | Reached XP level 12. HP: 130/130 MP: 11/11
 13199 | D:10     | Noticed an entropy weaver
 13210 | D:10     | Killed an entropy weaver
 13431 | D:10     | Quit the game

Illustrated notes

Levels and vault maps discovered:
D:1:      dpeg_arrival_erosion, layout_rooms
D:2:      layout_rooms, shapermc_ecumenical_altar_notcrosses,
          minmay_tetromino_l4
D:3:      layout_basic, bloody_makhleb, kennysheep_generic_room_2
D:4:      layout_basic, minmay_temple_entry_hall, enter_ossuary_2,
          uniq_crazy_yiuf_cottage
D:5:      layout_basic, nicolae_overflow_hidden_temple
D:6:      minmay_recursive_quarters, layout_loops_ring,
          mainiacjoe_overflow_boulevard, amcnicky_altar_gilded,
          hangedman_decor_riveting, st_stairs_8, minmay_manual_moon
D:7:      wad_woods_pond, layout_loops_ring, kiku_gazebo_pond_becter
D:8:      layout_loops_cross, nicolae_overflow_crystal_walls,
          mainiacjoe_overflow_six_doors_small, serial_co_window_serial,
          co_window_paths_b, co_window_cross_1, co_window_corner_a,
          co_window_paths_a, co_window_of_opportunity_a, co_window_cross_1,
          co_window_broadway_a, co_window_unsneaky_path_c, co_window_corner_cb,
          co_window_broadway_c, glass_columns_c, glass_columns_b,
          glass_columns_a, uniq_amaemon, uniq_maggie
D:9:      layout_roguey, ploomutoo_gammafunk_ghost_potion_laboratory,
          uniq_erolcha, uniq_joseph
D:10:     gammafunk_mikee_crab_dinner, layout_basic,
          mainiacjoe_overflow_catwalk, serial_glass, glass_columns_a,
          glass_columns_a, glass_columns_a, glass_columns_a, ebering_ghost_xom,
          nicolae_shop_gadgets

Skill      XL: |  1  2  3  4  5  6  7  8  9 10 11 |
---------------+----------------------------------+-----
Axes           | 4 5 6 7 9 11 12 14 17 | 17.6
Fighting       | 4 5 8 9 14 18 19 | 19.0
Armour         | |  2.4
Dodging        | |  2.1

Action                   |  1- 3 |  4- 6 |  7- 9 | 10-12 || total
-------------------------+-------+-------+-------+-------++-------
Melee: Hand axe          |   100 |   115 |    44 |   419 ||   678
       Headbutt          |    17 |    19 |    42 |   118 ||   196
       Flail             |       |       |   156 |       ||   156
 Fire: Sling             |       |     7 |       |       ||     7
Throw: Stone             |     2 |       |     2 |       ||     4
Invok: Berserk           |     1 |     2 |     3 |    10 ||    16
       Brothers in Arms  |       |       |       |     1 ||     1
  Use: Scroll            |     6 |     3 |     2 |     5 ||    16
       Potion            |       |       |       |     1 ||     1
 Stab: Invisible         |       |       |       |     1 ||     1
Armor: Animal skin       |     1 |       |       |       ||     1
       Ring mail         |    23 |    13 |       |       ||    36
       Chain mail        |       |     4 |    65 |    11 ||    80
       Acid dragon scale |       |       |       |   107 ||   107
Dodge: Dodged            |    34 |    27 |    36 |    89 ||   186
Block: Other             |     2 |       |       |       ||     2
       Buckler           |     1 |    28 |    49 |    86 ||   164
       Reflection        |       |       |     1 |     3 ||     4
